 Dungeon Crawl Stone Soup version 0.28.0-47-ge53b351184 (webtiles) character file.

Game seed: 16735186696583619862

409 Peloso the Slasher (level 6, -1/56 HPs)
             Began as a Minotaur Fighter on Apr 29, 2022.
             Slain by an ogre
             ... wielding a +0 giant spiked club
              (14 damage)
             ... on level 4 of the Dungeon.
             The game lasted 00:04:14 (3740 turns).

Peloso the Slasher (Minotaur Fighter)               Turns: 3740, Time: 00:04:14

Health: -1/56      AC:  9    Str: 20    XL:     6   Next: 58%
Magic:  5/5        EV:  8    Int:  5    God:
Gold:   99         SH:  5    Dex: 12    Spells: 5/5 levels left

rFire   . . .      SeeInvis .   a - +0 long sword
rCold   . . .      Faith    .   c - +0 buckler
rNeg    . . .      Spirit   .   e - +0 chain mail
rPois   .          Reflect  .   (helmet restricted)
rElec   .          Harm     .   (no cloak)
rCorr   .          Rampage  .   (no gloves)
Will    .....                   (no boots)
Stlth   ..........              (no amulet)
HPRegen 0.18/turn               (no ring)
MPRegen 0.09/turn               (no ring)

@: no status effects
A: horns 2, retaliatory headbutt
a: no special abilities


You were on level 4 of the Dungeon.
You visited 1 branch of the dungeon, and saw 4 of its levels.

You collected 99 gold pieces.

Inventory:

Hand Weapons
 a - a +0 long sword (weapon)
Armour
 b - a +0 scale mail
 c - a +0 buckler (worn)
 e - a +0 chain mail (worn)
Jewellery
 j - an amulet of reflection
 n - a ring of poison resistance
Scrolls
 f - a scroll of identify
 i - a scroll of fear
 m - 2 scrolls of blinking {unknown}
 o - 2 scrolls of teleportation {unknown}
Potions
 d - a potion of might
 g - 2 potions of cancellation
 h - a potion of mutation
 k - a potion of magic


   Skills:
 + Level 5.2 Fighting
 + Level 5.6 Long Blades
 + Level 5.1 Armour
 + Level 1.8 Dodging
 + Level 0.4 Stealth
 + Level 4.3 Shields


You had 5 spell levels left.
You didn't know any spells.
Your spell library contained the following spells:

 Spells                   Type           Power      Damage    Failure   Level
 Beastly Appendage        Tmut           0%         N/A       100%        1
 Corpse Rot               Necr/Air       0%         N/A       100%        2
 Poisonous Vapours        Pois/Air       0%         N/A       100%        2
 Wereblood                Tmut           0%         N/A       100%        2
 Spider Form              Tmut/Pois      0%         N/A       100%        3


Dungeon Overview and Level Annotations

Branches:
Dungeon (4/15)
 Temple: D:4-7

Altars:


Innate Abilities, Weirdness & Mutations

You have a pair of horns on your head.
You reflexively headbutt those who attack you in melee.


Message History

You slash the orc!
You kill the orc!
You closely miss the orc. You block the orc's attack.
You slash the orc!
You kill the orc!
You slash the ball python!
You kill the ball python!
Items here: ))) [ †††.
A quokka comes into view.
Items here: ))) [ †††.
Okay, then.
You block the quokka's attack.
The quokka bites you but does no damage.
The quokka bites you but does no damage.
You slash the quokka!
You kill the quokka!
Found a short sword.
You open the door.
There is an open door here.
Found a club.
Found a stone staircase leading up.
f - a scroll of identify
Found 36 arrows.
m - 2 scrolls labelled GOLADDI NOBLIA (gained 1)
You now have 99 gold pieces (gained 5).
An ogre comes into view. It is wielding a +0 giant spiked club.
Found a stone staircase leading down.
An ogre is nearby!
An ogre is nearby!
You barely miss the ogre.
The ogre hits you with a +0 giant spiked club!
You hit the ogre.
The ogre is lightly wounded.
The ogre hits you with a +0 giant spiked club!!
Ouch! That really hurt!
* * * LOW HITPOINT WARNING * * *
You hit the ogre.
The ogre is lightly wounded.
The ogre hits you with a +0 giant spiked club!
You die...

.## .. ..# ..#
#####..#
#......#
#..@O..#
#...##>'...
#..## ...
#..###.#...
###.........
#####...########
#.........#
#.##....#.#
#.####.#


You could see an ogre.

Vanquished Creatures
  Sigmund (D:2)
  A howler monkey (D:2)
  A jelly (D:4)
  Natasha (thrice) (D:2)
  5 adders
  2 worms (D:2)
  A dart slug (D:1)
  3 orcs (D:4)
  8 endoplasms
  A giant cockroach (D:2)
  4 goblins
  5 hobgoblins
  4 quokkas
  9 ball pythons
  6 bats
  4 frilled lizards
  7 kobolds
  4 rats
69 creatures vanquished.

Vanquished Creatures (others)
  5 fungi (D:2)
  4 plants (D:2)
9 creatures vanquished.

Grand Total: 78 creatures vanquished

Notes
Turn   | Place    | Note
-------+----------+-------------------------------------------
     0 | D:1      | Peloso the Minotaur Fighter began the quest for the Orb.
     0 | D:1      | Reached XP level 1. HP: 19/19 MP: 0/0
   251 | D:1      | Reached XP level 2. HP: 27/27 MP: 1/1
   950 | D:2      | Reached XP level 3. HP: 33/33 MP: 2/2
  1389 | D:2      | Noticed Sigmund
  1440 | D:2      | Killed Sigmund
  1441 | D:2      | Reached skill level 5 in Long Blades
  1441 | D:2      | Reached XP level 4. HP: 4/41 MP: 3/3
  1441 | D:2      | Reached XP level 5. HP: 4/47 MP: 4/4
  1831 | D:2      | Reached skill level 5 in Fighting
  1982 | D:2      | Noticed Natasha
  1989 | D:2      | Killed Natasha
  2037 | D:2      | Reached skill level 1 in Dodging
  2037 | D:2      | Reached XP level 6. HP: 56/56 MP: 5/5
  2257 | D:2      | Noticed Natasha
  2268 | D:2      | Killed Natasha
  2392 | D:2      | Noticed Natasha
  2408 | D:2      | Killed Natasha
  2631 | D:2      | Found a faded altar of an unknown god.
  2796 | D:3      | Reached skill level 5 in Armour
  3740 | D:4      | Slain by an ogre

Illustrated notes

Levels and vault maps discovered:
D:1:      dpeg_arrival_boxes_within_box, layout_basic
D:2:      layout_loops_ring, shapermc_ecumenical_altar_petra, uniq_natasha,
          uniq_sigmund
D:3:      layout_loops_ring, serial_rivers, chequers_serial_rivers_room_b,
          chequers_serial_rivers_micro_e, chequers_serial_rivers_small_b,
          chequers_serial_rivers_micro_b, kennysheep_boxes
D:4:      layout_basic

Skill      XL: |  1  2  3  4  5  6 |
---------------+-------------------+-----
Long Blades    | 3 5 |  5.6
Fighting       | 4 5 |  5.2
Armour         | 4 5 |  5.1
Shields        | 4 |  4.3
Dodging        | 1 |  1.8
Stealth        | |  0.4

Action                   |  1- 3 |  4- 6 || total
-------------------------+-------+-------++-------
Melee: Long sword        |    86 |    93 ||   179
       Headbutt          |     7 |    12 ||    19
  Use: Scroll            |       |     4 ||     4
       Potion            |       |     1 ||     1
Armor: Chain mail        |    59 |    35 ||    94
Dodge: Dodged            |    39 |    21 ||    60
Block: Buckler           |    19 |    11 ||    30
